[Event "Team 45 45 League T28"]
[Site "Free Internet Chess Server"]
[Date "PDT.10.0"]
[Round "3"]
[White "Cadger"]
[Black "zcomcon"]
[Result "1-0"]
[WhiteElo "1738"]
[BlackElo "1731"]
[TimeControl "2700+45"]

1. e4 e5 2. Nf3 Nc6 3. d4 exd4 4. c3 d5 5. exd5 Qxd5 6. cxd4 Nf6 7. Be2 Be7 8. Nc3 Qd8 9. Bf4 Bd6 10. Qd2 Bxf4 11. Qxf4 a6 12. Rd1 O-O 13. O-O Nd5 14. Qd2 Nxc3 15. bxc3 Ne7 16. Bd3 Bf5 17. Rfe1 Bxd3 18. Qxd3 Ng6 19. Re4 Re8 20. Rg4 Qe7 21. h4 Qe2 22. Qb1 Qe6 23. Rg3 b5 24. Ng5 Qd5 25. h5 Nf8 26. Qc1 Ne6 27. Nxe6 Rxe6 28. h6 Rg6 29. Qf4 c5 30. Rdd3 Re8 31. Rde3 Rxe3 32. Qb8+   {Black resigns} 1-0

[Event "Team 45 45 League T28"]
[Site "Free Internet Chess Server"]
[Date "PDT.10.0"]
[Round "3"]
[White "DavetheBravest"]
[Black "maglover"]
[Result "1-0"]
[WhiteElo "1564"]
[BlackElo "1530"]
[TimeControl "2700+45"]

1. d4 d5 2. c3 Nc6 3. c4 e6 4. Nf3 Nf6 5. Bg5 Be7 6. e3 O-O 7. Be2 Ne4 8. Bf4 Na5 9. cxd5 Qxd5 10. Bxc7 Nc4 11. b3 Bb4+ 12. Kf1 Nb2 13. Qc2 Bd7 14. Qxb2 Bb5 15. Bxb5 Qxb5+ 16. Kg1 Rac8 17. Bg3 Qd3 18. Na3 Bc3 19. Qb1 Qa6 20. Nc4 Bxa1 21. Qxa1 b5 22. Ncd2 Nxd2 23. Nxd2 Rc2 24. Ne4 Qc6 25. Nc5 Rc8 26. h3 Qd5 27. Kh2 e5 28. Bxe5 Rxf2 29. Rg1 Rc6 30. Qe1 Rxa2 31. Qh4 Rg6 32. e4 Qa8 33. d5 Qc8 34. d6 f6 35. d7 Qf8 36. Ne6   {Black resigns} 1-0

[Event "Team 45 45 League T28"]
[Site "Free Internet Chess Server"]
[Date "2005.09.30"]
[Round "3"]
[White "ahorse"]
[Black "dianabutterfly"]
[Result "0-1"]
[WhiteElo "1540"]
[BlackElo "1304"]
[TimeControl "2700+45"]

1. e4 e5 2. Nf3 Nc6 3. Bc4 h6 4. d4 d6 5. c3 Be7 6. Qb3 Be6 7. Bxe6 fxe6 8. Qxb7 Na5 9. Qb5+ c6 10. Qe2 exd4 11. Nxd4 Qd7 12. b4 Nb7 13. Qh5+ Kd8 14. Qg6 Bf6 15. O-O Ne7 16. f4 Nxg6 17. f5 Bxd4+ 18. cxd4 Ne7 19. fxe6 Qxe6 20. Nc3 Kd7 21. Be3 g5 22. Rab1 Rhf8 23. Rfe1 Qc4 24. Na4 Qxa2 25. Ra1 Qc4 26. d5 Qxb4 27. dxc6+ Nxc6 28. Reb1 Qxe4 29. Rxb7+ Kc8 30. Rb3 Nd4 31. Rc1+ Kd7 32. Rb7+ Ke6 33. Rf1 Qxe3+   {White resigns} 0-1

[Event "Team 45 45 League T28"]
[Site "Free Internet Chess Server"]
[Date "PDT.10.0"]
[Round "3"]
[White "RFFISCHER"]
[Black "Lofoten"]
[Result "0-1"]
[WhiteElo "1601"]
[BlackElo "1758"]
[TimeControl "2700+45"]

1. e4 e5 2. Nf3 Nc6 3. Bb5 a6 4. Ba4 Nf6 5. d3 b5 6. Bb3 d6 7. h3 Be7 8. O-O Na5 9. c3 Nxb3 10. Qxb3 O-O 11. Be3 Bb7 12. Nbd2 h6 13. a4 c6 14. axb5 axb5 15. c4 Qd7 16. Qc3 bxc4 17. dxc4 Rfb8 18. Rfd1 Ne8 19. b3 f6 20. Nh4 d5 21. exd5 cxd5 22. cxd5 Bxd5 23. Rxa8 Bxa8 24. Qc4+ Qd5 25. Qg4 Kf7 26. Qg6+ Kf8 27. Ra1 Bc5 28. Bxc5+ Qxc5 29. Nf5 Bd5 30. Ne3 Qc3 31. Rd1 Rd8 32. Nxd5 Rxd5 33. Qg3 Qc2 34. Ra1 Qxd2 35. b4 Qxb4 36. Ra7 Rd1+ 37. Kh2 Qf4   {White resigns} 0-1

[Event "Team 45 45 League T28"]
[Site "Free Internet Chess Server"]
[Date "2005.09.30"]
[Round "3"]
[White "BIRDSMAN"]
[Black "clarinetref"]
[Result "1-0"]
[WhiteElo "1653"]
[BlackElo "1553"]
[TimeControl "2700+45"]

1. e4 c5 2. d4 cxd4 3. Nf3 Nc6 4. Nxd4 g6 5. Nc3 Bg7 6. Be3 Nf6 7. f3 d5 8. exd5 Nxd5 9. Nxd5 Qxd5 10. Nxc6 Qxc6 11. Bd4 Qe6+ 12. Be2 f6 13. O-O O-O 14. b3 Qd6 15. Bc4+ Be6 16. Bxe6+ Qxe6 17. Re1 Qd6 18. Bb2 Qxd1 19. Raxd1 Rfe8 20. Rd7 e5 21. Rxb7 Rec8 22. c4 Bf8 23. Rd1 Bc5+ 24. Kf1 Rd8 25. Rdd7 Rxd7 26. Rxd7 Bb6 27. Ke2 Rd8 28. Rxd8+ Bxd8 29. Ba3 Kf7 30. Kd3 Ke6 31. Bc5 a6 32. Ke4 f5+ 33. Kd3 h5 34. b4 Kd7 35. a4 g5 36. b5 axb5 37. axb5 g4 38. Be3 Ke6 39. b6 Kd6 40. c5+ Kc6 41. Kc4 Be7 42. Kb4 Bf8 43. Ka5 Bxc5 44. Bxc5 Kb7 45. Kb5 gxf3 46. gxf3 h4 47. Bd6 e4 48. fxe4 fxe4 49. Bc5 Kb8 50. Kc6 h3 51. Bd6+ Kc8 52. b7+   {Black resigns} 1-0

[Event "Team 45 45 League T28"]
[Site "Free Internet Chess Server"]
[Date "PDT.10.0"]
[Round "3"]
[White "xplan"]
[Black "Vinoblanca"]
[Result "0-1"]
[WhiteElo "1522"]
[BlackElo "1499"]
[TimeControl "2700+45"]

1. e4 e5 2. Nf3 Nc6 3. Nc3 Nf6 4. Bb5 d6 5. O-O Bd7 6. Re1 Be7 7. d4 exd4 8. Nxd4 Nxd4 9. Bxd7+ Qxd7 10. Qxd4 O-O 11. h3 Rfe8 12. Bg5 a6 13. Nd5 Nxd5 14. Bxe7 Nxe7 15. e5 Nc6 16. Qd5 Rab8 17. exd6 Qxd6 18. Qf3 Rxe1+ 19. Rxe1 Kf8 20. Rd1 Qe6 21. b3 Re8 22. Kf1 Qe4 23. Qxe4 Rxe4 24. Rd7 Re7 25. Rd3 Ke8 26. c3 f6 27. f4 Rd7 28. Ke2 Rxd3 29. Kxd3 Kd7 30. b4 Ke6 31. g4 f5 32. g5 Ne7 33. c4 Nc6 34. a3 Ne7 35. b5 a5 36. a4 Nc8 37. Kd4 Nb6 38. c5 Nxa4 39. Kc4 b6 40. cxb6 cxb6 41. Kb3 Nc5+   {White resigns} 0-1

[Event "Team 45 45 League T28"]
[Site "Free Internet Chess Server"]
[Date "PDT.10.0"]
[Round "3"]
[White "SuperDiman"]
[Black "grabapawn"]
[Result "1-0"]
[WhiteElo "1462"]
[BlackElo "1410"]
[TimeControl "2700+45"]

1. d4 d5 2. c3 Nf6 3. e3 Nc6 4. f3 e5 5. Bb5 e4 6. Nd2 a6 7. Bxc6+ bxc6 8. Qa4 Bd7 9. Qc2 Bf5 10. g4 Nxg4 11. fxg4 Qh4+ 12. Kf1 Bxg4 13. h3 Qf6+ 14. Kg2 Bh5 15. Nb3 Qg6+ 16. Kf1 Bd6 17. Qg2 Bg3 18. Ne2 Bf3 19. Qxg3 Bxh1 20. Qxg6 fxg6 21. Nd2 O-O+ 22. Kg1 Bf3 23. Ng3 Rae8 24. Ndf1 h5 25. Bd2 h4 26. Nh1 g5 27. b3 Kh7 28. Nf2 Kh6 29. c4 Kh5 30. Nh2 Be2 31. Bb4 Rf7 32. cxd5 cxd5 33. a4 g4 34. hxg4+ Kg5 35. Nh3+ Kh6 36. g5+ Kh5 37. Nf4+ Kxg5 38. Nxe2 h3 39. Rf1 Rxf1+ 40. Kxf1 Re6 41. Nf4 Rh6 42. Nxd5 c6 43. Be7+ Kf5 44. Nf4 g5 45. Ne2 g4 46. Ng3+ Ke6 47. Kg1 Rg6 48. Bc5 Rg7 49. Nxe4 g3 50. Nf1 g2 51. Nh2 Kf5 52. Nd6+ Ke6 53. Ne8 Rg3 54. Nc7+ Kf5 55. Nxa6 Rxe3 56. d5 cxd5 57. Bxe3 Ke4 58. Bf2 d4 59. Bxd4 Kxd4 60. Nf3+ Kc3 61. b4 Kb3 62. b5 Kxa4 63. b6 Ka5 64. b7 Kxa6 65. b8=Q h2+ 66. Nxh2 Ka5 67. Kxg2 Ka6 68. Nf3 Ka5 69. Nd4 Ka4 70. Qb5+ Ka3 71. Qb3#   {Black checkmated} 1-0

[Event "Team 45 45 League T28"]
[Site "Free Internet Chess Server"]
[Date "PDT.10.0"]
[Round "3"]
[White "noHz"]
[Black "buRnINGbeNd"]
[Result "0-1"]
[WhiteElo "1915"]
[BlackElo "1981"]
[TimeControl "2700+45"]

1. e4 c5 2. Nf3 d6 3. d4 cxd4 4. Nxd4 Nf6 5. Nc3 g6 6. Bc4 Bg7 7. Be3 O-O 8. f3 Nc6 9. Qd2 Bd7 10. g4 Rc8 11. Bb3 Ne5 12. O-O-O b5 13. Bh6 Bxh6 14. Qxh6 b4 15. Nce2 a5 16. Nf5 gxf5 17. gxf5 Kh8 18. Rhg1 Rg8 19. Rxg8+ Qxg8 20. Rg1 Qf8 21. Qe3 a4 22. Bd5 Nxd5 23. exd5 b3 24. axb3 axb3 25. Qxb3 Ra8 26. Kb1 Bxf5 27. Nd4 Qc8 28. f4 Nc4 29. Qg3 Bg6 30. Qc3 Qa6 31. Nb5+ f6 32. Na3 Nxa3+ 33. Qxa3 Bxc2+ 34. Kc1 Qxa3 35. bxa3 Be4 36. Re1 f5 37. Kb2 Rb8+ 38. Kc3 Rb5 39. Kc4 Rc5+ 40. Kb4 Rxd5 41. Re2 Rd4+ 42. Ka5 e5 43. fxe5 dxe5 44. a4 Rd5+ 45. Kb6 Bd3 46. Ra2 Bc4 47. Rc2 Bb3 48. Rc8+ Kg7 49. a5 f4 50. a6 Rd6+ 51. Kb5 f3 52. a7 f2 53. a8=Q f1=Q+ 54. Kb4 Rb6+ 55. Kc3 Qc1+ 56. Kd3 Rd6+ 57. Ke2 Qd2+ 58. Kf3 Bd5+ 59. Qxd5 Qxd5+   {White resigns} 0-1

[Event "Team 45 45 League T28"]
[Site "Free Internet Chess Server"]
[Date "PDT.10.0"]
[Round "3"]
[White "ymy"]
[Black "jestrada"]
[Result "0-1"]
[WhiteElo "1734"]
[BlackElo "1867"]
[TimeControl "2700+45"]

1. e4 Nf6 2. e5 Nd5 3. d4 d6 4. c4 Nb6 5. exd6 exd6 6. Nc3 Nc6 7. h3 Be7 8. Nf3 Bf5 9. Be3 O-O 10. Be2 Re8 11. O-O Bf6 12. Rc1 Qd7 13. Nh2 Re7 14. c5 dxc5 15. dxc5 Qxd1 16. Rfxd1 Nd7 17. Nd5 Re5 18. Bg4 Rc8 19. Bf4 Bxg4 20. Nxg4 Re2 21. Ngxf6+ Nxf6 22. Nxf6+ gxf6 23. Rd2 Rce8 24. Rcd1 R8e7 25. Rxe2 Rxe2 26. Rd2 Rxd2 27. Bxd2 Ne5 28. f4 Nd3 29. b4 f5 30. Kf1 Kf8 31. Ke2 Nb2 32. Kf3 Ke7 33. g4 Ke6 34. g5 Kd5 35. Kg3 Ke4 36. Kh4 Nd3 37. Kg3 c6 38. a3 a5 39. h4 axb4 40. axb4 Kd4 41. Kf3 Kc4 42. Ke3 Nb2 43. h5 Kd5 44. Be1 Kc4 45. Bd2 Nd1+ 46. Ke2 Nc3+ 47. Ke3 Nd5+ 48. Ke2 Nxb4 49. Be3 Nd3 50. Kd2 Nxc5 51. Kc2 Nb3 52. Bb6 Nc5 53. Kd2 Kb5 54. Bc7 Kc4 55. Ke3 b5 56. Bd6 b4 57. Be5 Nd3 58. Kd2 b3 59. h6 b2 60. Kc2 Nxe5 61. fxe5 Kd5   {White resigns} 0-1

[Event "Team 45 45 League T28"]
[Site "Free Internet Chess Server"]
[Date "2005.09.28"]
[Round "3"]
[White "zcomcon"]
[Black "bsdc"]
[Result "1/2-1/2"]
[WhiteElo "1706"]
[BlackElo "1671"]
[TimeControl "2700+45"]

1. e4 e5 2. Nf3 d6 3. d4 Nc6 4. Bc4 exd4 5. Nxd4 Nxd4 6. Qxd4 Nf6 7. Nc3 Be7 8. f3 b6 9. Be3 Bb7 10. Bb5+ c6 11. Ba4 O-O 12. O-O d5 13. exd5 Bc5 14. Qd3 Bxe3+ 15. Qxe3 Nxd5 16. Nxd5 Qxd5 17. Bb3 Rfe8 18. Qxe8+ Rxe8 19. Bxd5 cxd5 20. Rfe1 Kf8 21. Rxe8+ Kxe8 22. Rd1 Kd7 23. c4 Ke6 24. cxd5+ Bxd5 25. b3 a6 26. Kf2 b5 27. h3 a5 28. g4 a4 29. bxa4 bxa4 30. a3 h6 31. Rd4 Bb3 32. h4 g5 33. hxg5 hxg5 34. Ke3 f5 35. gxf5+ Kxf5 36. Rb4 Bd1 37. Rd4 Bb3 38. Rd8 g4 39. Rf8+ Kg5 40. Rg8+ Bxg8 41. fxg4 Kxg4 42. Kd2 Bb3 43. Kc1 Kf4 44. Kb2 Ke5 45. Ka1 Kd4 46. Kb2 Bd5 47. Kc2 Kc4 48. Kb2 Bf3 49. Kc2 Be4+ 50. Kb2 Kd3 51. Ka1 Kc3 52. Ka2 Bd5+ 53. Ka1 Kb3 54. Kb1 Kxa3 55. Ka1 Kb3 56. Kb1 Bc6 57. Ka1 Kc2 58. Ka2 Kc1 59. Ka1 Bd5   {Game drawn by stalemate} 1/2-1/2

[Event "Team 45 45 League T28"]
[Site "Free Internet Chess Server"]
[Date "PDT.10.0"]
[Round "3"]
[White "xboard"]
[Black "fernbap"]
[Result "1/2-1/2"]
[WhiteElo "1652"]
[BlackElo "1669"]
[TimeControl "2700+45"]

1. e4 c5 2. Nf3 e6 3. d4 cxd4 4. Nxd4 Qb6 5. Nc3 Nc6 6. Nb3 a6 7. Be3 Qc7 8. Be2 Nf6 9. a3 b5 10. f3 Bd6 11. Bxb5 Bxh2 12. Bxc6 Bg3+ 13. Bf2 Bxf2+ 14. Kxf2 dxc6 15. Qd2 Rb8 16. Rad1 Qa7+ 17. Qd4 Qxd4+ 18. Rxd4 Nd7 19. Rd6 c5 20. Rhd1 c4 21. Nc5 Rxb2 22. Nxd7 Rxc2+ 23. Ne2 Bxd7 24. Rxd7 O-O 25. Rd8 Ra2 26. R8d4 g6 27. Rxc4 Rxa3 28. Kg3 Rb8 29. Nf4 a5 30. Rd7 h5 31. Ra7 e5 32. Nd5 Ra2 33. Rc8+ Rxc8 34. Ne7+ Kf8 35. Nxc8 f5 36. Nd6 fxe4 37. Nxe4 h4+ 38. Kxh4 Rxg2 39. Rxa5 Kg7 40. Rxe5 Rg1 41. Kh3 Rh1+ 42. Kg4 Rg1+ 43. Ng3 Kf6 44. Rc5 g5 45. Rxg5 Rxg3+ 46. Kxg3 Kxg5 47. f4+ Kf5 48. Kf3 Kf6 49. Kg4 Kg6 50. f5+ Kf6 51. Kf4 Kf7 52. Kg5 Kg7 53. f6+ Kf7 54. Kf5 Kf8 55. Ke5 Kf7 56. Kf5 Kf8 57. Ke4 Kf7 58. Ke5 Kf8 59. Ke6 Ke8   {Game drawn by mutual agreement} 1/2-1/2

[Event "Team 45 45 League T28"]
[Site "Free Internet Chess Server"]
[Date "PDT.10.0"]
[Round "3"]
[White "SamGB"]
[Black "Litovec"]
[Result "1/2-1/2"]
[WhiteElo "1899"]
[BlackElo "1719"]
[TimeControl "2700+45"]

1. e4 d5 2. exd5 Nf6 3. c4 e6 4. dxe6 Bxe6 5. Nf3 Nc6 6. Nc3 Be7 7. Be2 Nd4 8. O-O O-O 9. d3 Bc5 10. Nxd4 Bxd4 11. Nb5 Re8 12. Nxd4 Qxd4 13. Bf3 Rad8 14. Be3 Qxb2 15. Rb1 Qxa2 16. Rxb7 Bxc4 17. Rxa7 Qb2 18. Qc1 Qxc1 19. Rxc1 Bxd3 20. Rcxc7 Bg6 21. h3 Nd5 22. Bxd5 Rxd5 23. Kh2 h5 24. Kg3 Rb5 25. Re7 Rxe7 26. Rxe7 Kf8 27. Rc7 Bf5 28. Kh4 g6 29. Bc5+ Kg8 30. Kg5 Rb8 31. Bd4 Rc8 32. Re7 Be6   {Game drawn by mutual agreement} 1/2-1/2

[Event "Team 45 45 League T28"]
[Site "Free Internet Chess Server"]
[Date "2005.09.29"]
[Round "3"]
[White "spendius"]
[Black "kballoloco"]
[Result "1-0"]
[WhiteElo "1714"]
[BlackElo "1642"]
[TimeControl "2700+45"]

1. e4 e5 2. Nf3 Nc6 3. Bc4 Bc5 4. b4 Bxb4 5. c3 Be7 6. d4 exd4 7. cxd4 Bb4+ 8. Kf1 d5 9. exd5 Na5 10. Qa4+ c6 11. Qxb4 Nxc4 12. Qxc4 cxd5 13. Qb5+ Bd7 14. Qxd5 Ne7 15. Qb3 O-O 16. Nc3 Qa5 17. Bd2 Qa6+ 18. Kg1 Bc6 19. Ne5 Be8 20. g3 Kh8 21. Kg2 f6 22. Nf3 Bf7 23. Qc2 Rac8 24. Rhe1 Nd5 25. Qb2 Nb6 26. Qb5 Qa3 27. Nb1 Qa4 28. Qxa4 Nxa4 29. Na3 Nc3 30. Re3 Nd5 31. Ree1 a6 32. Kg1 b5 33. Rac1 b4 34. Nc4 Nc3 35. Nd6 Bxa2 36. Nxc8 Rxc8 37. Bxc3 bxc3 38. Re3 c2 39. Ne1 Bb1 40. Nxc2   {Black resigns} 1-0

[Event "Team 45 45 League T28"]
[Site "Free Internet Chess Server"]
[Date "PDT.10.0"]
[Round "3"]
[White "MattBinMi"]
[Black "seberg"]
[Result "0-1"]
[WhiteElo "1549"]
[BlackElo "1605"]
[TimeControl "2700+45"]

1. e4 c5 2. d4 cxd4 3. c3 Nc6 4. Nf3 e6 5. Bc4 a6 6. O-O b5 7. Bb3 dxc3 8. Nxc3 Bc5 9. Bf4 Nge7 10. Rc1 Qb6 11. a3 O-O 12. Ba2 f5 13. b4 Bxb4 14. axb4 fxe4 15. Nxe4 Rxf4 16. Nd6 Nf5 17. Rxc6 Qxc6 18. Bxe6+ dxe6 19. Nxf5 Rxf5 20. Qd8+ Rf8 21. Qh4 Bb7 22. Qh3 Rf6 23. Re1 Raf8 24. Kh1   {White resigns} 0-1

[Event "Team 45 45 League T28"]
[Site "Free Internet Chess Server"]
[Date "2005.09.30"]
[Round "3"]
[White "Lowscore"]
[Black "Aul"]
[Result "0-1"]
[WhiteElo "1600"]
[BlackElo "1562"]
[TimeControl "2700+45"]

1. e4 g6 2. d4 d6 3. c4 Bg7 4. Nc3 Nc6 5. Be3 e5 6. d5 Nd4 7. Nge2 c5 8. Nb5 Nxb5 9. cxb5 Qa5+ 10. Nc3 Ne7 11. Qa4 Qb6 12. Rc1 Bd7 13. Qb3 f5 14. f3 a6 15. bxa6 Qxb3 16. axb3 bxa6 17. Na4 Bb5 18. Bc4 Rb8 19. O-O Bxa4 20. bxa4 f4 21. Bf2 a5 22. Bb5+ Kf7 23. b3 h5 24. Bh4 Ng8 25. g3 Bh6 26. gxf4 Bxf4 27. Rc2 Bh6 28. Rg2 Nf6 29. Bg5 Bxg5 30. Rxg5 Nh7 31. Rg3 g5 32. h3 Rhg8 33. Kf2 h4 34. Rg2 Nf6 35. Rfg1 Nh7 36. Ke3 Kg6 37. Kd3 Kh6 38. Kc3 Nf6 39. Rf1 Nh5 40. Rh2 Ng3 41. Rff2 Rg7 42. Kb2 Rf7 43. Kc2 Rbf8 44. Kb2 Nxe4 45. fxe4 Rxf2+ 46. Rxf2 Rxf2+ 47. Kc1 Rf3 48. Bd7 Rxb3 49. Kc2 Rb4 50. Kd3 g4 51. hxg4 h3 52. g5+ Kxg5 53. Bxh3 Rb3+   {White resigns} 0-1

[Event "Team 45 45 League T28"]
[Site "Free Internet Chess Server"]
[Date "PDT.10.0"]
[Round "3"]
[White "trajanus"]
[Black "TripleCheck"]
[Result "0-1"]
[WhiteElo "2020"]
[BlackElo "2138"]
[TimeControl "2700+45"]

1. d4 Nf6 2. Nf3 e6 3. g3 c5 4. Bg2 cxd4 5. Nxd4 Qb6 6. O-O Nc6 7. Nxc6 bxc6 8. c4 Ba6 9. b3 d5 10. cxd5 exd5 11. Bb2 Be7 12. Nc3 O-O 13. Rc1 Rfe8 14. h3 Nh5 15. Na4 Qb7 16. Re1 Nf6 17. Nc5 Bxc5 18. Rxc5 Ne4 19. Bxe4 Rxe4 20. e3 Qd7 21. Qc2 Qxh3 22. Rxc6 Bb7 23. Rc7 Re6 24. Qc3 d4   {White resigns} 0-1

[Event "Team 45 45 League T28"]
[Site "Free Internet Chess Server"]
[Date "PDT.10.0"]
[Round "3"]
[White "watson"]
[Black "RoZa"]
[Result "1-0"]
[WhiteElo "1954"]
[BlackElo "1949"]
[TimeControl "2700+45"]

1. e4 e5 2. Nf3 d6 3. d4 Nf6 4. Nc3 Nbd7 5. Bc4 Be7 6. O-O h6 7. Re1 c6 8. a4 a5 9. Be3 Qc7 10. dxe5 dxe5 11. Nh4 g6 12. Qe2 Nxe4 13. Nxg6 Nxc3 14. Bxf7+ Kxf7 15. Nxh8+ Kg8 16. Qh5 Nf6 17. Qf7+ Kxh8 18. Bxh6 Ne8 19. Qxe8+ Kh7 20. Qh5 Bg4 21. Qxg4 Kxh6 22. Re3 Bg5 23. f4 Ne2+ 24. Rxe2 Bxf4 25. Ra3 Bg5 26. Rh3+ Kg6 27. Rf2   {Black resigns} 1-0

[Event "Team 45 45 League T28"]
[Site "Free Internet Chess Server"]
[Date "PDT.10.0"]
[Round "3"]
[White "Akavall"]
[Black "fernbap"]
[Result "1-0"]
[WhiteElo "1934"]
[BlackElo "1668"]
[TimeControl "2700+45"]

1. d4 Nf6 2. Nf3 d5 3. c4 dxc4 4. e3 c5 5. Bxc4 cxd4 6. Qxd4 Qxd4 7. Nxd4 a6 8. O-O Bg4 9. f3 Bh5 10. e4 e6 11. Be3 Bc5 12. Nc3 Nc6 13. Nc2 Bxe3+ 14. Nxe3 O-O 15. Rfd1 Rfd8 16. Kf2 b5 17. Bb3 b4 18. Ne2 Ne5 19. Nc4 Nd3+ 20. Ke3 Nc5 21. Bc2 Bg6 22. Nf4 Kf8 23. g4 Ke7 24. h4 h5 25. Nxg6+ fxg6 26. Ne5 Rxd1 27. Rxd1 hxg4 28. fxg4 g5 29. hxg5 Nfd7 30. Nc6+ Kf7 31. Nxb4 Kg6 32. Nd3 Kxg5 33. Nxc5 Nxc5 34. Rd6 Rc8 35. Bd1 a5 36. a3 a4 37. Rd4 Ra8 38. Rc4 Ra5 39. Kd4 e5+ 40. Kc3 Rb5 41. Bxa4 Nxa4+ 42. Rxa4 Kxg4 43. Ra7 g5 44. Rf7 Rc5+ 45. Kd3 Kg3 46. b4 Rc1 47. b5 Rb1 48. Kc4 g4 49. Kc5 Kg2 50. b6 g3 51. Kc6 Kg1 52. b7 g2 53. Rf8 Kh2 54. Rh8+ Kg3 55. b8=Q Rxb8 56. Rxb8 g1=Q 57. Rg8+ Kf2 58. Rxg1 Kxg1 59. Kd5   {Black resigns} 1-0

[Event "Team 45 45 League T28"]
[Site "Free Internet Chess Server"]
[Date "PDT.10.0"]
[Round "3"]
[White "bahus"]
[Black "roverch"]
[Result "0-1"]
[WhiteElo "1831"]
[BlackElo "1833"]
[TimeControl "2700+45"]

1. e4 c5 2. d4 cxd4 3. c3 Nf6 4. e5 Nd5 5. cxd4 Nc6 6. Bc4 Nb6 7. Bb3 e6 8. Nf3 d6 9. O-O dxe5 10. dxe5 Qxd1 11. Rxd1 Be7 12. Nbd2 Nd7 13. Nc4 O-O 14. Bf4 Rd8 15. Rac1 Nc5 16. Bc2 b5 17. Nd6 Nb4 18. Bxh7+ Kxh7 19. Rxc5 Bxd6 20. exd6 a6 21. Rc7 Bd7 22. Ne5 Nd5 23. Rxd7 Rxd7 24. Nxd7 Nxf4 25. Nb6 Rd8 26. d7 Kh6 27. Rc1 Ne2+   {White resigns} 0-1

[Event "Team 45 45 League T28"]
[Site "Free Internet Chess Server"]
[Date "PDT.10.0"]
[Round "3"]
[White "JoeytheBudgie"]
[Black "Litovec"]
[Result "0-1"]
[WhiteElo "1800"]
[BlackElo "1703"]
[TimeControl "2700+45"]

1. d4 Nf6 2. Nf3 e6 3. g3 d5 4. Bg2 c5 5. c4 Nc6 6. cxd5 Nxd5 7. O-O c4 8. a4 Bb4 9. Bg5 f6 10. Bd2 a5 11. Nc3 O-O 12. e4 Nb6 13. Be3 Qc7 14. Nb5 Qd8 15. b3 cxb3 16. Qxb3 Na7 17. Nxa7 Rxa7 18. d5 exd5 19. exd5 Qd6 20. Nd4 Bd7 21. Rfc1 Raa8 22. Ne6 Rfc8 23. Bxb6 Qxb6 24. d6 Kh8 25. Rxc8+ Rxc8 26. Rd1 Rc3 27. Qa2 Bxd6 28. Nd8 Qxd8 29. Rxd6 Rc1+ 30. Bf1 Rxf1+ 31. Kxf1 Bh3+ 32. Ke1 Qxd6 33. Qc2 Qe6+ 34. Kd1 Bg4+ 35. Kc1 Qc6   {White resigns} 0-1

[Event "Team 45 45 League T28"]
[Site "Free Internet Chess Server"]
[Date "PDT.10.0"]
[Round "3"]
[White "Maras"]
[Black "AlefZero"]
[Result "1-0"]
[WhiteElo "2081"]
[BlackElo "2137"]
[TimeControl "2700+45"]

1. d4 Nf6 2. c4 g6 3. Nc3 Bg7 4. e4 d6 5. Be2 O-O 6. Bg5 a6 7. Qd2 c5 8. d5 b5 9. cxb5 axb5 10. Bxb5 Qa5 11. Bd3 Ba6 12. Nge2 Nbd7 13. Bxa6 Qxa6 14. Bh6 Ne5 15. Bxg7 Nd3+ 16. Kf1 Kxg7 17. h4 Rfb8 18. Rb1 c4 19. h5 Qa7 20. Nf4 Nxf4 21. Qxf4 Nxh5 22. Qd2 Kg8 23. g4 Nf6 24. Qh6 Rb7 25. e5 dxe5 26. Ne4 Qd4 27. Nxf6+ exf6 28. Qxh7+ Kf8 29. Qh8+ Ke7 30. Qxa8 Qd3+ 31. Kg2 Qxd5+ 32. Kh2 Qe4 33. Qa3+ Ke6 34. Rhd1 Qf4+ 35. Qg3 Qe4 36. Qg2 Qf4+ 37. Qg3 Qe4 38. Kg1 Qc2 39. Qg2 e4 40. Rbc1   {Black resigns} 1-0

[Event "Team 45 45 League T28"]
[Site "Free Internet Chess Server"]
[Date "PDT.10.0"]
[Round "3"]
[White "ryoshu"]
[Black "Wizeman"]
[Result "0-1"]
[WhiteElo "1895"]
[BlackElo "2086"]
[TimeControl "2700+45"]

1. e4 e6 2. d3 d5 3. Nd2 c5 4. Ngf3 Nc6 5. g3 Bd6 6. Bg2 Nge7 7. O-O O-O 8. Re1 Qc7 9. Nf1 b5 10. Qe2 f6 11. h4 a5 12. N1h2 d4 13. e5 fxe5 14. Ng4 Bb7 15. Ngxe5 Nxe5 16. Nxe5 Rf5 17. f4 Bxe5 18. fxe5 Raf8 19. Bf4 Ng6 20. Qg4 Bxg2 21. Kxg2 Qc6+ 22. Re4 Nxf4+ 23. gxf4 Rxf4 24. Qe2 Rxh4 25. Re1 Rf5 26. Kg3 Rxe4 27. Qxe4 Qe8   {White resigns} 0-1

[Event "Team 45 45 League T28"]
[Site "Free Internet Chess Server"]
[Date "PDT.10.0"]
[Round "3"]
[White "Thalagor"]
[Black "Ajmdemen"]
[Result "0-1"]
[WhiteElo "1879"]
[BlackElo "1874"]
[TimeControl "2700+45"]

1. e4 e5 2. f4 exf4 3. Nf3 g5 4. Bc4 Bg7 5. h4 h6 6. Bxf7+ Kxf7 7. d4 d6 8. O-O Ke8 9. e5 g4 10. Nh2 dxe5 11. Re1 Qxh4 12. Nc3 f3 13. gxf3 gxf3 14. Nxf3 Qg3+ 15. Kh1 Bg4 16. Re3 Ne7 17. Qd3 Nf5 18. Nh2 Nxe3 19. Bxe3 Bf3+ 20. Nxf3 Qxf3+ 21. Kg1 Qg3+ 22. Kh1 exd4 23. Qe4+ Be5 24. Bf4 Qh4+   {White resigns} 0-1

[Event "Team 45 45 League T28"]
[Site "Free Internet Chess Server"]
[Date "PDT.10.0"]
[Round "3"]
[White "Motyl"]
[Black "maeck"]
[Result "0-1"]
[WhiteElo "1879"]
[BlackElo "1917"]
[TimeControl "2700+45"]

1. e4 c5 2. Nf3 e6 3. d4 cxd4 4. Nxd4 Nf6 5. Bd3 Nc6 6. Ne2 d5 7. exd5 Nxd5 8. a3 Bd6 9. O-O O-O 10. Nbc3 Ne5 11. Ne4 Be7 12. N2g3 Nxd3 13. Qxd3 f5 14. Nc3 Nxc3 15. Qxc3 Bf6 16. Qb3 Qe8 17. Nxf5 Qc6 18. Be3 b6 19. f3 Ba6 20. Rfe1 Bc4 21. Nh6+ gxh6 22. Qb4 a5 23. Qd2 Rad8 24. Qc1 Bd4 25. Bxd4 Rxd4 26. Qxh6 Qc5 27. Kh1 Qf5 28. b3 Bd5 29. c4 Bxf3 30. Qxe6+ Qxe6 31. Rxe6 Bd1 32. h3 Bxb3 33. Rxb6 Bxc4 34. Rc1 Rf1+ 35. Rxf1 Bxf1 36. Kg1 Bc4 37. Rb8+ Kg7 38. Ra8 Rd5 39. Kf2 Re5 40. Ra7+ Kg6 41. g4 Bb3 42. Kf3 a4 43. Kf4 Re1 44. Ra6+ Re6 45. Ra5 Rf6+ 46. Kg3 Rd6 47. Kh4 h6 48. Ra8 Kf6 49. Kh5 Ke5 50. Rh8 Bf7+ 51. Kh4 Kd4 52. Rf8 Bb3 53. Kh5 Kc3 54. Rh8 Bf7+ 55. Kh4 Kb2 56. Rh7 Bd5 57. Kh5 Bg2 58. h4 Kxa3 59. Rxh6 Rxh6+ 60. Kxh6 Kb4 61. Kg7 a3   {White resigns} 0-1

[Event "Team 45 45 League T28"]
[Site "Free Internet Chess Server"]
[Date "PDT.10.0"]
[Round "3"]
[White "LLIAMAH"]
[Black "tjraczko"]
[Result "1-0"]
[WhiteElo "1747"]
[BlackElo "1564"]
[TimeControl "2700+45"]

1. e4 e5 2. Nf3 Nc6 3. d4 exd4 4. Nxd4 Nf6 5. Bc4 Bc5 6. Nxc6 bxc6 7. e5 Nd5 8. Bxd5 O-O 9. Bc4 Qh4 10. Qe2 d5 11. Bd3 Bg4 12. Qd2 f5 13. Qf4 Rae8 14. O-O Re6 15. Qg3 Qxg3 16. hxg3 Rxe5 17. Nd2 Bb6 18. Nf3 Re6 19. Bf4 c5 20. b3 c6 21. Rae1 Ref6 22. Ne5   {Black resigns} 1-0

[Event "Team 45 45 League T28"]
[Site "Free Internet Chess Server"]
[Date "PDT.10.0"]
[Round "3"]
[White "Lamtarra"]
[Black "jjgsmm"]
[Result "0-1"]
[WhiteElo "1553"]
[BlackElo "1639"]
[TimeControl "2700+45"]

1. e4 c5 2. Nf3 e6 3. d3 d6 4. g3 Nc6 5. c3 Nf6 6. Bg2 Be7 7. O-O O-O 8. Nbd2 b5 9. Re1 Bb7 10. Nf1 Qc7 11. Ne3 a5 12. c4 b4 13. b3 Ra7 14. Bb2 Rfa8 15. Bxf6 Bxf6 16. Rb1 a4 17. Ng4 Bc3 18. Rf1 axb3 19. axb3 Ra2 20. Ne3 Ne5 21. d4 Nxf3+ 22. Qxf3 Bxd4 23. Ng4 Rd2 24. Rfd1 Raa2 25. Rxd2 Rxd2 26. Kf1 f5 27. Qf4 Rc2 28. exf5 Bxg2+ 29. Kxg2 exf5 30. Qxf5 Qc6+ 31. Qd5+ Qxd5+ 32. cxd5 h5   {White resigns} 0-1

[Event "Team 45 45 League T28"]
[Site "Free Internet Chess Server"]
[Date "PDT.10.0"]
[Round "3"]
[White "phorku"]
[Black "wook"]
[Result "0-1"]
[WhiteElo "1595"]
[BlackElo "1477"]
[TimeControl "2700+45"]

1. e4 c5 2. Bc4 d6 3. d3 Nf6 4. Nc3 a6 5. f4 Nc6 6. Nf3 Qc7 7. O-O e6 8. Qe2 Na5 9. e5 dxe5 10. fxe5 Nd7 11. Bd2 Nxc4 12. dxc4 g6 13. Rae1 Bg7 14. Bg5 O-O 15. Be7 Re8 16. Bd6 Qb6 17. Qf2 f6 18. exf6 Nxf6 19. Bxc5 Qc7 20. Bd4 Rf8 21. Ng5 Ng4 22. Qh4 Rxf1+ 23. Rxf1 Bxd4+ 24. Kh1 h5 25. h3 Qh2#   {White checkmated} 0-1